 Dungeon Crawl Stone Soup version 0.29.1-12-g30fa7ad0bf (webtiles) character file.

Game seed: 8915004556256019467

112709 Radix the Geomancer (level 16, -11/94 HPs)
             Began as a Gargoyle Earth Elementalist on Dec 22, 2022.
             Was a High Priest of Vehumet.
             Shot with an arrow by a deep elf archer (18 damage)
             ... on level 2 of the Elven Halls on Dec 23, 2022.
             The game lasted 04:00:24 (29499 turns).

Radix the Geomancer (Gargoyle Earth Elementalist)  Turns: 29499, Time: 04:00:25

Health: -11/94     AC: 27    Str: 14    XL:     16   Next: 61%
Magic:  1/40       EV: 10    Int: 27    God:    Vehumet [*****.]
Gold:   532        SH:  5    Dex: 14    Spells: 4/37 levels left

rFire   + + .      SeeInvis +   F - +10 long sword of Ascent {elec, *Slow rCorr Int+5 SInv}
rCold   + . .      Faith    .   (no shield)
rNeg    + . .      Spirit   .   m - +4 ring mail of Icwaliel {Dex+4}
rPois   ∞          Reflect  +   f - +0 helmet
rElec   +          Harm     .   n - scarf {rC+ rF+}
rCorr   +          Rampage  .   i - +2 pair of gloves
Will    +....                   d - +1 pair of boots
Stlth   +.........              c - amulet of reflection
HPRegen 0.25/turn               T - ring of protection from fire
MPRegen 0.27/turn               t - ring of magical power

@: flying
A: sickness immunity, AC +12, big wings, negative energy resistance 1,
electricity resistance, torment resistance 1, petrification resistance
a: Renounce Religion


You were on level 2 of the Elven Halls.
You worshipped Vehumet.
Vehumet was extremely pleased with you.
You visited 5 branches of the dungeon, and saw 21 of its levels.

You collected 2050 gold pieces.
You spent 1518 gold pieces at shops.

Inventory:

Hand Weapons
 x - a +4 hand crossbow of freezing
 F - the +10 long sword of Ascent (weapon) {elec, *Slow rCorr Int+5 SInv}
   (You found it on level 6 of the Dungeon)

   It occasionally discharges a powerful burst of electricity upon striking a
   foe.
   Int:       It affects your intelligence (+5).
   SInv:      It lets you see invisible.
   rCorr:     It protects you from acid and corrosion.
   *Slow:     It may slow you when you take damage.
Armour
 d - a +1 pair of boots (worn)
 f - a +0 helmet (worn)
 i - a +2 pair of gloves (worn)
 m - the +4 ring mail of Icwaliel (worn) {Dex+4}
   (You found it on level 5 of the Dungeon)

   Dex:       It affects your dexterity (+4).
 n - a scarf of resistance (worn)
 o - a +1 pair of boots
 K - a +0 cloak
 P - +0 steam dragon scales
Jewellery
 c - an amulet of reflection (around neck)
 e - the ring "Zamucsirph" {rF- rC+++ rCorr Str-4 Int+6}
   (You bought it in a shop on level 2 of the Orcish Mines)

   [ring of intelligence]

   Str:       It affects your strength (-4).
   Int:       It affects your intelligence (+6).
   rF:        It makes you vulnerable to fire.
   rC:        It renders you almost immune to cold.
   rCorr:     It protects you from acid and corrosion.
 g - a ring of protection from cold
 j - a +6 ring of dexterity
 t - a ring of magical power (right hand)
 S - a ring of see invisible
 T - a ring of protection from fire (left hand)
Wands
 b - a wand of digging (5)
 B - a wand of roots (3)
 E - a wand of charming (11)
 M - a wand of flame (14)
 U - a wand of polymorph (3)
Scrolls
 h - 3 scrolls of identify
 k - 3 scrolls of vulnerability {unknown}
 l - 3 scrolls of immolation
 r - a scroll of torment
 N - a scroll of fog
 W - a scroll of magic mapping
Potions
 s - 4 potions of brilliance
 A - 2 potions of cancellation
 O - 5 potions of might
 Y - a potion of resistance
Miscellaneous
 a - a phial of floods


   Skills:
 - Level 8.7 Fighting
 - Level 2.6 Maces & Flails
 - Level 7.3 Ranged Weapons
 - Level 1.5 Dodging
 - Level 2.1 Stealth
 + Level 11.3 Spellcasting
 + Level 12.9 Conjurations
 + Level 5.4 Summonings
 - Level 0.7 Transmutations
 + Level 10.3 Fire Magic
 + Level 11.5 Ice Magic
 + Level 14.6 Earth Magic
 - Level 5.4 Evocations


You had 4 spell levels left.
You knew the following spells:

 Your Spells              Type           Power      Damage    Failure   Level
a - Sandblast             Erth           100%       2d20      0%          1
b - Stone Arrow           Conj/Erth      100%       3d13      1%          3
c - Hailstorm             Conj/Ice       69%        3d14      1%          4
d - Iron Shot             Conj/Erth      37%        9d7       1%          6
e - Freezing Cloud        Conj/Ice/Air   28%        6-21      2%          5
f - Frozen Ramparts       Ice            100%       1d16      1%          3
g - Starburst             Conj/Fire      33%        6d10      2%          6
h - Fireball              Conj/Fire      33%        3d14      1%          5

Your spell library contained the following spells:

 Spells                   Type           Power      Damage    Failure   Level
 Irradiate                Conj/Tmut      25%        3d20      3%          5
 Foxfire                  Conj/Fire      100%       2x1d9     1%          1
 Magic Dart               Conj           100%       1d8       1%          1
 Shock                    Conj/Air       100%       1d9       1%          1
 Passwall                 Tmut/Erth      45%        N/A       1%          2
 Scorch                   Fire           100%       2d10      1%          2
 Searing Ray              Conj           100%       2d8       1%          2
 Conjure Flame            Conj/Fire      67%        6-21      1%          3
 Dazzling Flash           Conj/Hex       100%       N/A       1%          3
 Ignite Poison            Fire/Tmut/Pois 35%        N/A       1%          3
 Inner Flame              Hex/Fire       43%        N/A       1%          3
 Ozocubu's Armour         Ice            67%        N/A       1%          3
 Flame Wave               Conj/Fire      67%        2d15      1%          4
 Fulminant Prism          Conj/Hex       25%        3d14      1%          4
 Sticky Flame             Conj/Fire      67%        2d8       1%          4
 Summon Ice Beast         Ice/Summ       57%        N/A       2%          4
 Petrify                  Tmut/Erth      54%        N/A       3%          4
 Beastly Appendage        Tmut           38%        N/A       6%          1
 Ice Form                 Ice/Tmut       48%        N/A       6%          4
 Summon Guardian Golem    Hex/Summ       30%        N/A       8%          3
 Wereblood                Tmut           19%        N/A       9%          2
 Airstrike                Air            7%         2d(2-18)  19%         4
 Spider Form              Tmut/Pois      17%        N/A       21%         3
 Swiftness                Air            15%        N/A       22%         3
 Summon Lightning Spire   Summ/Air       30%        N/A       26%         4
 Anguish                  Hex/Necr       7%         N/A       58%         4
 Cause Fear               Hex            7%         N/A       58%         4
 Iskenderun's Battlesphe  Conj           71%        2d12      1%          5
 Ozocubu's Refrigeration  Ice            33%        4d14      16%         7
 Spellforged Servitor     Conj/Summ      30%        N/A       36%         7
 Summon Cactus Giant      Summ           22%        N/A       77%         6
 Agony                    Necr           15%        N/A       91%         5
 Silence                  Hex/Air        7%         N/A       91%         5
 Dragon Form              Tmut           9%         N/A       100%        7
 Enfeeble                 Hex            7%         N/A       100%        7
 Storm Form               Tmut/Air       8%         N/A       100%        7
 Summon Hydra             Summ           22%        N/A       100%        7
 Maxwell's Capacitive Co  Air            7%         ∞         100%        8
 Dragon's Call            Summ           22%        N/A       100%        9
 Sublimation of Blood     Necr           Unusable   N/A       N/A         2

Dungeon Overview and Level Annotations

Branches:
Dungeon (11/15)            Temple (1/1) D:4            Lair (5/5) D:10
 Shoals (0/4) Lair:3       Spider (0/4) Lair:3        Slime (0/5) Lair:4
    Orc (2/2) D:11            Elf (2/3) Orc:2

Altars:
Ashenzari
Cheibriados
Dithmenos
Elyvilon
Fedhas
Gozag
Hepliaklqana
Kikubaaqudgha
Makhleb
Nemelex Xobeh
Okawaru
Qazlal
Ru
Sif Muna
Trog
Uskayaw
Vehumet
Wu Jian
Xom
Yredelemnul
Zin
The Shining One
Lugonu

Shops:
D:10 =   Orc:1 (   Orc:2 :[(=

Portals:
Abyss: Lair:5

Annotations:
D:11 1 transporter
Lair:4 2 transporters, 1 runed translucent door, HunfridMar's ghost, journeyman DECj


Innate Abilities, Weirdness & Mutations

You are immune to sickness and miasma.
Your stone body is resilient. (AC +12)
You are immune to poison.
Your large and strong wings let you fly.
You resist negative energy. (rN+)
You are resistant to electric shocks. (rElec)
You are resistant to unholy torment.
You are immune to petrification.


Message History

Confirm with . or Enter, or press ? or * to list all spells.
Aiming: Stone Arrow (safe; 1% risk of failure)
Press: ? - help, Shift-Dir - straight line, f - deep elf archer
Aim: a deep elf archer, wielding a +0 shortbow and wearing a +0 leather armour (almost dead, repelling missiles, 34% to hit)
The stone arrow hits the deep elf archer!!
You kill the deep elf archer!
Vehumet accepts your kill.
The deep elf zephyrmancer gestures wildly while chanting.
The deep elf zephyrmancer blinks!
The deep elf archer casts a spell at you.
You are confused.
You are engulfed in freezing vapours.
You resist.
* * * LOW HITPOINT WARNING * * *
Your magical effects are unravelling.
You feel magically purged.
You feel less confused.
The deep elf archer mumbles some strange words.
The deep elf archer blinks!
Casting: Stone Arrow (safe; 1% risk of failure)
Confirm with . or Enter, or press ? or * to list all spells.
Aiming: Iron Shot (dangerous; 1% risk of failure)
Press: ? - help, Shift-Dir - straight line, f - deep elf archer
Aim: a deep elf archer, wielding a +0 shortbow and wearing a +0 leather armour (repelling missiles, 28% to hit)
The deep elf archer repels the iron shot!
The deep elf archer points at you and mumbles some strange words.
You resist with some effort.
Casting: Iron Shot (dangerous; 1% risk of failure)
Confirm with . or Enter, or press ? or * to list all spells.
You don't have enough magic to cast this spell.
Casting: Iron Shot (dangerous; 1% risk of failure)
Confirm with . or Enter, or press ? or * to list all spells.
Aiming: Stone Arrow (safe; 1% risk of failure)
Press: ? - help, Shift-Dir - straight line, f - deep elf zephyrmancer, p - deep elf archer
Aim: a deep elf zephyrmancer, wielding a +1 rapier of speed and wearing a +0 scale mail (72% to hit)
The stone arrow hits the deep elf zephyrmancer!!
The deep elf zephyrmancer is heavily wounded.
The deep elf zephyrmancer casts a spell at you.
The bolt of lightning misses you.
The deep elf archer shoots an arrow.
The arrow hits you!!
You die...

#......... #......#
######+#### #.#
#.......e.#####.#
#>.........+.<..#
...........####'##
...........#.....##
........§§))).....##
....)§.@°)..e.)....#
......§.).#...).....#
#.....☼°)###.........+
##....§.## ##.......##
##....## ##..)..##
##### #######


You could see a deep elf archer (repels missiles) and a deep elf zephyrmancer.

Vanquished Creatures
  Saint Roka (Orc:2)
  Agnes (Elf:1)
  A deep elf sorcerer (Elf:1)
  A deep elf elementalist (Elf:1)
  A deep elf high priest (Elf:1)
  8 hydras
  A boulder beetle (D:11)
  2 two-headed ogres
  Erica (D:9)
  A catoblepas (Lair:4)
  11 death yaks (Lair:4)
  2 dancing weapons (Elf:1)
  An orc high priest (Orc:2)
  Sonja (Lair:4)
  Urug (Orc:1)
  4 thrashing horrors (Lair:5)
  3 deep elf knights
  2 orc knights
  19 deep elf zephyrmancers
  3 deep elf archers
  4 orc sorcerers
  2 ugly things
  3 oklob plants
  14 deep elf pyromancers
  17 elephants
  The ghost of sigtrap the Chopper, a novice GnBe of Trog (D:5)
  3 smoke demons (Lair:5)
  An unseen horror (D:11)
  11 cane toads
  2 black mambas
  A gargoyle (D:11)
  Psyche (D:10)
  12 komodo dragons
  2 rime drakes
  3 ancient zymes (Lair:5)
  4 trolls
  3 polar bears
  3 hornets
  A snapping turtle (Lair:3)
  8 dream sheep (Lair:4)
  30 blink frogs
  3 air elementals (Elf:1)
  3 ynoxinuls (Lair:5)
  2 water elementals (Elf:1)
  11 wyverns
  A spriggan (Lair:5)
  2 chaos spawn (Lair:5)
  60 yaks
  5 humans
  A wraith (D:10)
  4 basilisks (Lair:5)
  2 steam dragons (D:10)
  2 fire elementals (Elf:1)
  3 wargs
  An acid dragon (D:11)
  Edmund (D:4)
  7 water moccasins
  Duvessa (D:7)
  25 orc warriors
  4 black bears
  3 ice beasts
  A sky beast (D:7)
  14 wolves
  8 ogres
  A centaur (D:7)
  11 small abominations (Lair:5)
  A phantom (D:7)
  3 kobold brigands
  4 gnoll sergeants
  A necrophage (D:7)
  6 bullfrogs
  3 scorpions
  Dowan (D:7)
  9 wights
  13 killer bees
  An electric eel (D:6)
  7 hounds
  3 jellies
  26 orc priests
  A gnoll bouda (D:7)
  4 iguanas
  18 orc wizards
  7 hell rats (Lair:5)
  15 gnolls
  2 adders
  4 white imps
  An ufetubus (D:5)
  3 worms
  3 dart slugs
  93 orcs
  4 endoplasms
  3 giant cockroaches
  7 goblins
  2 hobgoblins
  13 kobolds
  2 quokkas (D:3)
  5 ball pythons
  6 bats
  A frilled lizard (D:3)
  4 rats
  A rat zombie (D:3)
644 creatures vanquished.

Vanquished Creatures (others)
  An air elemental (Elf:2)
  An adder (D:6)
  2 briar patches (D:11)
  7 bushes (Lair:4)
  37 fungi
  78 plants
126 creatures vanquished.

Grand Total: 770 creatures vanquished

Notes
Turn   | Place    | Note
-------+----------+-------------------------------------------
     0 | D:1      | Radix the Gargoyle Earth Elementalist began the quest for
                  | the Orb.
     0 | D:1      | Reached XP level 1. HP: 10/10 MP: 3/3
   271 | D:1      | Reached XP level 2. HP: 9/15 MP: 5/5
   389 | D:1      | Reached skill level 4 in Earth Magic
   546 | D:1      | Found a faded altar of an unknown god.
  1009 | D:2      | Reached XP level 3. HP: 17/19 MP: 4/7
  1265 | D:2      | Learned a level 3 spell: Stone Arrow
  1728 | D:2      | Reached skill level 1 in Conjurations
  1728 | D:2      | Reached XP level 4. HP: 20/24 MP: 1/8
  2185 | D:3      | Found a snail-covered altar of Cheibriados.
  2274 | D:3      | Found an ancient bone altar of Kikubaaqudgha.
  2477 | D:4      | Noticed a scorpion
  2495 | D:4      | Found a burning altar of Makhleb.
  2537 | D:4      | Reached skill level 5 in Earth Magic
  2537 | D:4      | Reached XP level 5. HP: 24/28 MP: 6/9
  2623 | D:4      | Found an opulent altar of Gozag.
  2627 | D:4      | Found a blossoming altar of Fedhas.
  2637 | D:4      | Noticed Edmund
  2643 | D:4      | Reached skill level 1 in Fighting
  2659 | D:4      | Killed Edmund
  2660 | D:4      | Reached skill level 1 in Maces & Flails
  2660 | D:4      | Reached XP level 6. HP: 12/35 MP: 0/11
  3569 | D:4      | Found a staircase to the Ecumenical Temple.
  3573 | D:4      | Reached XP level 7. HP: 40/40 MP: 12/12
  3579 | Temple   | Entered the Ecumenical Temple
  3596 | Temple   | Became a worshipper of Vehumet
  3643 | D:4      | Found an iron altar of Okawaru.
  3643 | D:4      | Found a bloodstained altar of Trog.
  4084 | D:5      | Entered Level 5 of the Dungeon
  4299 | D:5      | Found a runed translucent gate.
  4300 | D:5      | Found a runed translucent gate.
  4303 | D:5      | Found a runed translucent gate.
  4304 | D:5      | Noticed sigtrap's ghost (novice GnBe)
  4380 | D:5      | Reached skill level 6 in Earth Magic
  4822 | D:5      | Reached skill level 1 in Ranged Weapons
  5184 | D:5      | Identified the +4 ring mail of Icwaliel {Dex+4}
  5426 | D:5      | HP: 1/41 [kobold brigand/+1 whip of distortion (8)]
  5430 | D:5      | Reached XP level 8. HP: 20/46 MP: 11/14
  5675 | D:5      | Killed sigtrap's ghost
  5675 | D:5      | Reached * piety under Vehumet
  5675 | D:5      | Offered knowledge of Magic Dart by Vehumet.
  5908 | D:6      | Reached skill level 7 in Earth Magic
  6080 | D:6      | Reached skill level 5 in Spellcasting
  6300 | D:6      | Reached skill level 5 in Conjurations
  6474 | D:6      | Identified the +10 long sword of Ascent {elec, *Slow rCorr
                  | Int+5 SInv}
  6600 | D:6      | Reached XP level 9. HP: 52/52 MP: 16/16
  6651 | D:6      | Found a broken altar of Ashenzari.
  6825 | D:6      | Reached skill level 5 in Fighting
  7855 | D:7      | Noticed Dowan
  7856 | D:7      | Killed Dowan
  7857 | D:7      | Noticed Duvessa
  7865 | D:7      | Killed Duvessa
  7866 | D:7      | Reached skill level 8 in Earth Magic
  7965 | D:7      | Offered knowledge of Scorch by Vehumet.
  7967 | D:7      | Reached ** piety under Vehumet
  8340 | D:7      | Noticed a hornet
  8386 | D:7      | Killed a hornet
  8387 | D:7      | Reached XP level 10. HP: 26/60 MP: 19/19
  8702 | D:8      | Reached skill level 5 in Ranged Weapons
  8729 | D:8      | Offered knowledge of Searing Ray by Vehumet.
  9174 | D:8      | Reached skill level 9 in Earth Magic
  9256 | D:8      | Noticed a two-headed ogre
  9261 | D:8      | Killed a two-headed ogre
  9361 | D:8      | Reached *** piety under Vehumet
 10102 | D:9      | Noticed Erica
 10112 | D:9      | Killed Erica
 10113 | D:9      | Reached skill level 10 in Earth Magic
 10113 | D:9      | Reached XP level 11. HP: 57/68 MP: 16/22
 10911 | D:9      | Offered knowledge of Hailstorm by Vehumet.
 11044 | D:10     | Entered Level 10 of the Dungeon
 11709 | D:10     | Found a staircase to the Lair.
 11709 | D:10     | Noticed an oklob plant
 11986 | D:10     | Killed an oklob plant
 12208 | D:10     | Noticed a two-headed ogre
 12213 | D:10     | Killed a two-headed ogre
 12588 | D:10     | Found a white marble altar of Elyvilon.
 12588 | D:10     | Found a glowing golden altar of the Shining One.
 12588 | D:10     | Found a glowing silver altar of Zin.
 12694 | D:10     | Noticed Psyche
 12696 | D:10     | Killed Psyche
 12701 | D:10     | Found a shadowy altar of Dithmenos.
 12705 | D:10     | Found a hazy altar of Hepliaklqana.
 12707 | D:10     | Found a shimmering blue altar of Sif Muna.
 12708 | D:10     | Found a basalt altar of Yredelemnul.
 12925 | D:10     | Found Seoch's Jewellery Shoppe.
 12943 | D:10     | Bought a ring of see invisible for 240 gold pieces
 13392 | D:11     | Noticed an eight-headed hydra
 13398 | D:11     | Killed an eight-headed hydra
 13464 | D:11     | Found a hide-covered altar of Uskayaw.
 13637 | D:11     | Noticed a six-headed hydra
 13641 | D:11     | Killed a six-headed hydra
 13642 | D:11     | Reached skill level 1 in Fire Magic
 13642 | D:11     | Reached skill level 11 in Earth Magic
 13642 | D:11     | Reached skill level 1 in Evocations
 13834 | D:11     | Noticed a red ugly thing
 13845 | D:11     | Killed a red ugly thing
 13975 | D:11     | Found a transporter.
 13985 | D:11     | Reached XP level 12. HP: 75/75 MP: 24/24
 14044 | D:11     | Found a transporter.
 14053 | D:11     | Noticed a boulder beetle
 14060 | D:11     | Killed a boulder beetle
 14149 | D:11     | Learned a level 4 spell: Hailstorm
 14231 | D:11     | Found a staircase to the Orcish Mines.
 14579 | Lair:1   | Entered Level 1 of the Lair of Beasts
 15864 | Lair:2   | Reached **** piety under Vehumet
 15867 | Lair:2   | Reached skill level 10 in Conjurations
 16613 | Lair:3   | Offered knowledge of Lee's Rapid Deconstruction by Vehumet.
 16614 | Lair:3   | Reached skill level 12 in Earth Magic
 16690 | Lair:3   | Found a hole to the Spider Nest.
 16713 | Lair:3   | Found a staircase to the Shoals.
 16817 | Lair:3   | Noticed an eight-headed hydra
 16822 | Lair:3   | Killed an eight-headed hydra
 16904 | Lair:3   | Reached XP level 13. HP: 46/79 MP: 9/26
 16946 | Lair:3   | Reached skill level 5 in Fire Magic
 17330 | Lair:3   | Gained mutation: Your large and strong wings let you fly.
                  | [Gargoyle growth]
 17330 | Lair:3   | Reached XP level 14. HP: 84/84 MP: 27/27
 17363 | Lair:3   | Identified the +0 leather armour "Yqohywk" {rC++}
 17990 | Lair:4   | Identified the +1 robe of Filigreed Contentment {Str+3
                  | Int+2}
 18105 | Lair:3   | Reached skill level 5 in Evocations
 18230 | Lair:4   | Noticed HunfridMar's ghost (journeyman DECj)
 18248 | Lair:4   | Found a transporter.
 18297 | Lair:4   | Found a transporter.
 18712 | Lair:4   | Reached ***** piety under Vehumet
 18754 | Lair:4   | Offered knowledge of Freezing Cloud by Vehumet.
 18757 | Lair:4   | Identified the amulet "Bairgh" {Spirit rPois}
 18923 | Lair:4   | Learned a level 6 spell: Iron Shot
 18929 | Lair:4   | Learned a level 5 spell: Freezing Cloud
 18933 | Lair:4   | Learned a level 3 spell: Frozen Ramparts
 18946 | Lair:4   | Reached skill level 1 in Ice Magic
 19313 | Lair:4   | Noticed Sonja
 19323 | Lair:4   | Killed Sonja
 19468 | Lair:4   | Reached skill level 5 in Ice Magic
 19716 | Lair:4   | Identified the ring of Pip Quoj {rF+ SInv}
 19719 | Lair:4   | Found a bloodstained altar of Trog.
 20461 | Lair:4   | Found a runed translucent door.
 20496 | Lair:4   | Noticed an acid blob
 20497 | Lair:4   | Noticed an acid blob
 20499 | Lair:4   | Found a staircase to the Slime Pits.
 20499 | Lair:4   | Noticed an acid blob
 20655 | Lair:5   | Entered Level 5 of the Lair of Beasts
 20713 | Lair:5   | Reached XP level 15. HP: 89/89 MP: 28/28
 21383 | Lair:5   | Reached skill level 13 in Earth Magic
 21501 | Lair:5   | Reached skill level 10 in Spellcasting
 21501 | Lair:5   | Reached skill level 10 in Ice Magic
 21507 | Lair:5   | Reached skill level 1 in Summonings
 22609 | Lair:5   | Offered knowledge of Starburst by Vehumet.
 23283 | Lair:5   | Found a corrupted altar of Lugonu.
 23283 | Lair:5   | Found a one-way gate to the infinite horrors of the Abyss.
 23568 | Lair:5   | Learned a level 6 spell: Starburst
 24095 | Orc:1    | Entered Level 1 of the Orcish Mines
 24381 | Orc:1    | Found Uluept's Antique Weapon Emporium.
 24599 | Orc:1    | Noticed Urug
 24604 | Orc:1    | Killed Urug
 25070 | Orc:2    | Entered Level 2 of the Orcish Mines
 25075 | Orc:2    | Found a staircase to the Elven Halls.
 25698 | Orc:2    | Found Ycsybun's Jewellery Shoppe.
 25732 | Orc:2    | Offered knowledge of Fireball by Vehumet.
 25975 | Orc:2    | Found Vuomy's Book Shop.
 26056 | Orc:2    | Noticed Saint Roka
 26066 | Orc:2    | Killed Saint Roka
 26066 | Orc:2    | Paralysed by an orc sorcerer for 5 turns
 26302 | Orc:2    | Reached skill level 14 in Earth Magic
 26308 | Orc:2    | Found Leatz's Antique Armour Boutique.
 26519 | Orc:2    | Found Saoj's Antique Weapon Shop.
 26549 | Orc:2    | Bought a pair of glowing boots for 187 gold pieces
 26568 | Orc:2    | Learned a level 5 spell: Fireball
 26627 | Orc:2    | Bought the ring "Zamucsirph" {rF- rC+++ rCorr Str-4 Int+6}
                  | for 1091 gold pieces
 26790 | Orc:2    | Reached XP level 16. HP: 94/94 MP: 30/30
 26908 | Elf:1    | Entered Level 1 of the Elven Halls
 27294 | Elf:1    | Got the Vellum of the Unified Barrage
 27380 | Elf:1    | Paralysed by an air elemental for 1 turns
 27693 | Elf:1    | Noticed Agnes
 27711 | Elf:1    | Killed Agnes
 27713 | Elf:1    | Reached skill level 10 in Fire Magic
 28269 | Elf:1    | Reached skill level 5 in Summonings
 28785 | Elf:1    | Paralysed by an air elemental for 1 turns
 29485 | Elf:2    | Offered knowledge of Irradiate by Vehumet.
 29499 | Elf:2    | Shot with an arrow by a deep elf archer

Illustrated notes

Levels and vault maps discovered:
D:1:      kennysheep_arrival_seaside, layout_basic,
          chequers_ecumenical_altar_island, minmay_shallow_snake_nest
D:2:      layout_basic
D:3:      layout_basic, lemuel_zombie_altar_kikubaaqudgha, slow_altar_1
D:4:      layout_basic, grunt_temple_overflow_bloody_war,
          nicolae_overflow_hidden_temple, temple_green, uniq_edmund
D:5:      layout_loops_corners, gammafunk_ghost_nasty_kobolds,
          kennysheep_flooded_box
D:6:      cheibrodos_helix_gallery, layout_layer_cave, marbit_many_paths
D:7:      layout_cave_pools, minmay_joined_circles, uniq_duvessa
D:8:      kennysheep_six_static_rooms, layout_basic, minmay_misc_feat_room
D:9:      layout_basic, wad_floor_pattern_untrapped,
          chequers_serial_rivers_room_b, uniq_erica
D:10:     layout_long_grid, good_gods_mini_temple, mainiacjoe_overflow_alcove_3,
          dpeg_oklobed_lair, serial_shops, shop, serial_co_window_serial,
          co_window_of_opportunity_a, co_window_paths_b, co_window_corner_a,
          co_window_paths_a, co_window_paths_b, co_window_of_opportunity_a,
          co_window_paths_a, co_window_paths_b, co_window_paths_a,
          co_window_corner_cb, co_window_unsneaky_path_d, co_window_broadway_b,
          co_window_unsneaky_path_e, co_window_unsneaky_path_b,
          co_window_2corner, co_window_2corner, co_window_paths_d,
          glass_columns_a, glass_columns_a, glass_columns_c, glass_columns_a,
          uniq_psyche
D:11:     gammafunk_worm_tunnel, layout_loops_ring, orc_0_dummy,
          nicolae_uskayaw_dance_hall
Temple:   hellmonk_temple_two_chambers
Lair:1:   layout_chaotic_city
Lair:2:   layout_roguey
Lair:3:   layout_loops_ring, minmay_shoals_entry_hut, dummy_spider_entry,
          nicolae_volcano_entry_lava_flow, grunt_megastairs_3
Lair:4:   slaughterhouse, layout_cave_pods, slime_entry_2,
          gammafunk_ghost_wrathful_warriors, minmay_lair_oklob_items,
          nicolae_lair_grazing_beasts [nicolae_sub_lair_graze_edge,
          nicolae_sub_lair_graze_edge, nicolae_sub_lair_graze_edge,
          nicolae_sub_lair_graze_edge], uniq_sonja
Lair:5:   hellmonk_lair_end_abyssal_woods, layout_regular_city,
          serial_bayou_lake_a
Orc:1:    layout_diamond_mine, serial_shops, nicolae_shop_trees, uniq_urug
Orc:2:    grunt_orc_community_town_hall, layout_caves,
          grunt_orc_community_big_house_1, grunt_orc_community_big_house_2,
          grunt_orc_community_house_2, grunt_orc_community_house_1,
          grunt_orc_community_house_1, grunt_orc_community_house_3,
          grunt_orc_community_house_3, grunt_orc_community_house_1
Elf:1:    kennysheep_room_grid, layout_geoelf_grid, serial_corexii_hall,
          corexii_hall_statues_l, corexii_hall_statues_i, minmay_elf_sorcery,
          st_stairs_11, uniq_agnes
Elf:2:    nicolae_elf_blades_crystal_corner, layout_gridlike,
          hangedman_elven_ridges

Skill      XL: |  1  2  3  4  5  6  7  8  9 10 11 12 13 14 15 16 |
---------------+-------------------------------------------------+-----
Earth Magic    | 4 5 6 7 8 10 11 12 14 | 14.6
Spellcasting   | 3 4 5 6 7 8 9 10 11 | 11.3
Conjurations   | 1 2 3 5 6 8 9 10 11 12 | 12.9
Fighting       | 1 2 3 4 6 7 8 |  8.7
Maces & Flails | 1 2 |  2.6
Ranged Weapons | 1 3 4 6 7 |  7.3
Fire Magic     | 1 4 8 9 10 | 10.3
Evocations     | 1 4 5 |  5.4
Ice Magic      | 8 10 11 | 11.5
Summonings     | 4 5 |  5.4
Dodging        | |  1.5
Stealth        | |  2.1
Transmutations | |  0.7

Action                   |  1- 3 |  4- 6 |  7- 9 | 10-12 | 13-15 | 16-18 || total
-------------------------+-------+-------+-------+-------+-------+-------++-------
Melee: Dagger            |     7 |       |       |       |       |       ||     7
       Unarmed           |     3 |       |       |       |       |       ||     3
       Rapier            |       |     1 |       |       |       |       ||     1
       Mace              |       |     2 |       |       |       |       ||     2
       Punch             |       |     1 |     1 |     2 |     2 |       ||     6
       Flail             |       |     9 |       |       |       |       ||     9
       Long sword        |       |       |    89 |   122 |   225 |    11 ||   447
 Fire: Hand crossbow     |       |     3 |    59 |    18 |       |       ||    80
 Cast: Sandblast         |    36 |    70 |    53 |    63 |   135 |    20 ||   377
       Stone Arrow       |       |     2 |    13 |   167 |   130 |    18 ||   330
       Hailstorm         |       |       |       |    12 |    14 |       ||    26
       Iron Shot         |       |       |       |       |   100 |    56 ||   156
       Freezing Cloud    |       |       |       |       |    37 |     6 ||    43
       Frozen Ramparts   |       |       |       |       |     3 |       ||     3
       Starburst         |       |       |       |       |     1 |     3 ||     4
       Fireball          |       |       |       |       |       |     3 ||     3
  Use: Scroll            |       |     2 |    10 |     6 |    22 |     4 ||    44
       Potion            |       |       |     1 |     4 |     7 |     6 ||    18
 Stab: Sleeping          |       |       |     1 |       |     1 |       ||     2
Armor: Robe              |     4 |    19 |       |       |       |       ||    23
       Leather armour    |       |       |    11 |       |       |       ||    11
       Ring mail         |       |       |    94 |   147 |   319 |    31 ||   591
Dodge: Dodged            |     8 |    22 |   105 |   147 |   251 |    30 ||   563
Block: Other             |       |       |       |    39 |   108 |    11 ||   158
       Reflection        |       |       |       |     1 |     4 |       ||     5
